[Event "LEM Sachsen-Anhalt Masters 2024"]
[Site "Merseburg"]
[Date "2024.02.08"]
[Round "1.1"]
[White "Malek, Daniel"]
[Black "Ahmed, Daniel"]
[Result "1/2-1/2"]
[ECO "B01"]
[WhiteElo "2307"]
[BlackElo "1994"]
[Annotator "RC"]
[PlyCount "198"]
[EventDate "2024.02.01"]
[EventType "swiss"]
[EventCountry "GER"]
[SourceTitle "playchess.com"]
[Source "ChessBase"]
[SourceQuality "1"]
[TimeControl "40/5400+30:1800+30"]

1. e4 d5 2. exd5 Qxd5 3. Nc3 Qd8 4. d4 Nf6 5. Nf3 g6 6. Bc4 Bg7 7. O-O O-O 8. Bg5 a6 9. a4 b6 10. Qe2 Nc6 11. Rfd1 Bg4 12. Be3 Qc8 13. h3 Bh5 14. Nd5 Re8 15. Nxf6+ exf6 16. Bd5 Qd7 17. Bxc6 Qxc6 18. g4 f5 19. gxh5 f4 20. Rd3 fxe3 21. Rxe3 Rxe3 22. Qxe3 Qxc2 23. Rc1 Qxa4 24. Rxc7 Re8 25. Qf4 Qb3 26. Kg2 Qd5 27. h6 Bf8 28. Kg1 Bxh6 29. Qf6 Bf8 30. Ne5 Bg7 31. Qxf7+ Qxf7 32. Nxf7 Re1+ 33. Kg2 Bxd4 34. b3 Re2 35. Nh6+ Kf8 36. Kf3 Rxf2+ 37. Ke4 Bc5 38. Rxh7 Rb2 39. Ra7 Rxb3 40. Ng4 Rxh3 41. Ne5 a5 42. Nxg6+ Ke8 43. Ne5 a4 44. Kd5 a3 45. Nc4 Kd8 46. Kc6 Rb3 47. Ra6 Ke7 48. Nxa3 Bxa3 49. Rxb6 Rd3 50. Rb1 Rd6+ 51. Kc7 Re6 52. Rb3 Bd6+ 53. Kc6 Re2 54. Rc3 Ke6 55. Rc1 Be5 56. Rc5 Rd2 57. Rc4 Rd8 58. Rc5 Bd6 59. Rc4 Rc8+ 60. Kb5 Rb8+ 61. Kc6 Rb1 62. Rc2 Be5 63. Rc5 Bd4 64. Rc4 Ke5 65. Rc2 Rb6+ 66. Kd7 Kd5 67. Rd2 Rb7+ 68. Kd8 Kc5 69. Ke8 Be5 70. Rd7 Rb6 71. Kf7 Rf6+ 72. Ke7 Rh6 73. Kf7 Bd6 74. Kg7 Re6 75. Kf7 Kd5 76. Ra7 Re1 77. Ra5+ Kc6 78. Ra6+ Kd7 79. Ra7+ Bc7 80. Kf6 Rf1+ 81. Kg5 Kd6 82. Kg4 Bb6 83. Ra6 Rb1 84. Kf5 Kd5 85. Ra4 Bc7 86. Kg4 Rf1 87. Ra3 Be5 88. Rf3 Rg1+ 89. Kf5 Rg8 90. Rd3+ Bd4 91. Rf3 Rf8+ 92. Kg4 Rh8 93. Kf5 Re8 94. Rf4 Be5 95. Rf3 Kd4 96. Ra3 Bd6 97. Ra4+ Kd5 98. Ra5+ Bc5 99. Ra6 Re5+ 1/2-1/2

[Event "LEM Sachsen-Anhalt Masters 2024"]
[Site "Merseburg"]
[Date "2024.02.08"]
[Round "1.2"]
[White "Daub, Sebastian"]
[Black "Reipsch, Jens"]
[Result "0-1"]
[ECO "A46"]
[WhiteElo "1967"]
[BlackElo "2225"]
[Annotator "TA"]
[PlyCount "74"]
[EventDate "2024.02.01"]
[EventType "swiss"]
[EventCountry "GER"]
[SourceTitle "playchess.com"]
[Source "ChessBase"]
[SourceQuality "1"]
[TimeControl "40/5400+30:1800+30"]

1. d4 Nf6 2. Nf3 c6 3. c3 g6 4. Bf4 Bg7 5. e3 d6 6. Be2 Nh5 7. Bg5 h6 8. Bh4 {[%emt 0:00:16] The position is equal.} g5 9. Nfd2 Nf6 10. Bg3 Bf5 11. O-O Nbd7 12. c4 c5 (12... O-O $11) 13. Nc3 $14 cxd4 14. exd4 Qb6 15. Nb5 {[%emt 0:04:20][%cal Oc4c5] aiming for c5!} Rc8 ({Black should try} 15... O-O $14) 16. Nb3 $2 ({White should play} 16. Bxd6 $16 {Hoping for c5.} a6 (16... exd6 $2 17. c5 $18) 17. c5) 16... Ne4 $11 17. Rc1 Nxg3 18. fxg3 Bg6 19. Bd3 Bxd3 20. Qxd3 Ne5 21. Qe2 {[%emt 0:05:48] [#] And now Qf2 would win.} a6 (21... O-O $142 $1 22. Nc3 (22. c5 dxc5 23. dxc5 Qa6 $17) 22... Nc6 (22... Nxc4 $2 23. Nd5 $18)) 22. c5 $2 (22. Nc3 $1 $11 Ng6 (22... Rxc4 $2 23. Nd5 $18) 23. Nd5) 22... Qxb5 $17 23. Qxb5+ axb5 24. dxe5 dxc5 (24... Bxe5 25. cxd6 Rxc1 26. Rxc1) 25. Rxc5 Rxc5 26. Nxc5 Bxe5 {[%emt 0:01:08][%mdl 4096] Endgame. Threatens to win with ...Bd4+. KRB-KRN} 27. Rf5 $2 {[%emt 0:10:04] [#] White does not recover from this.} (27. Rd1 $17 {was worth a try.}) 27... f6 ({Not} 27... Bxb2 28. Nxb7 b4 29. Kf1 $17) (27... Bd4+ $1 $19 {has better winning chances.} 28. Kf1 e6 (28... Bxb2 29. Nxb7 e5 30. Rf6 $17)) 28. Nxb7 (28. Kf1 $17) 28... Kf7 $19 ({Stronger than} 28... Bxb2 29. Rxb5 Bd4+ 30. Kf1 $11) 29. b4 Ra8 30. Na5 Rc8 31. Kf1 Rc1+ 32. Ke2 Rc2+ 33. Kd3 $2 (33. Kf1) 33... Rxa2 34. Nc6 Ke6 35. Rf1 Rxg2 36. Nd4+ Bxd4 37. Kxd4 Rc2 {[%emt 0:00:18] Weighted Error Value: White=0.39/Black=0.24 (precise) .  Loses game:     	White=1     	---        Missed win:     	---       	Black=1      Mistake:       	White=4     	Black=3      Inaccurate:     	White=3     	Black=1      OK:         	White=10    	Black=18     Best:        	---       	Black=2} ({Weaker is} 37... Rxh2 38. Kc5 $19) 0-1

[Event "LEM Sachsen-Anhalt Masters 2024"]
[Site "Merseburg"]
[Date "2024.02.08"]
[Round "1.3"]
[White "Polzin, Gustav"]
[Black "Haubold, Christian"]
[Result "0-1"]
[ECO "C54"]
[WhiteElo "1895"]
[BlackElo "1990"]
[Annotator "RC"]
[PlyCount "116"]
[EventDate "2024.02.01"]
[EventType "swiss"]
[EventCountry "GER"]
[SourceTitle "playchess.com"]
[Source "ChessBase"]
[SourceQuality "1"]
[TimeControl "40/5400+30:1800+30"]

1. e4 e5 2. Nf3 Nc6 3. Bc4 Nf6 4. d3 Bc5 5. c3 O-O 6. O-O d5 7. exd5 Nxd5 8. Re1 Bg4 9. h3 Bh5 10. b4 Bb6 11. a4 a6 12. Bb2 Nf4 13. Bc1 Qf6 14. Bxf4 exf4 15. d4 Rad8 16. Nbd2 Bxd4 17. cxd4 Nxd4 18. Be2 Bxf3 19. Bxf3 Nxf3+ 20. gxf3 Qh4 21. Kg2 Rd6 22. Qe2 Rh6 23. Rh1 Rg6+ 24. Kh2 Rg3 25. Qf1 Re8 26. Ne4 Rxf3 27. Qg2 Rb3 28. Rhg1 g6 29. f3 Rxb4 30. Qd2 Rb3 31. Rg4 Qd8 32. Qxd8 Rxd8 33. Rxf4 h6 34. Rc1 c6 35. Rc2 Kg7 36. h4 Rb4 37. Kg3 Rdd4 38. a5 f5 39. Nc5 Rxf4 40. Ne6+ Kf6 41. Nxf4 g5 42. hxg5+ hxg5 43. Nd3 Rb3 44. Nc5 Rb5 45. Rc3 Ke5 46. Nb3 Kd5 47. Kf2 c5 48. Ke3 c4 49. Nd2 Rb4 50. Rc2 Ra4 51. Nf1 Ra3+ 52. Ke2 f4 53. Nd2 Re3+ 54. Kf2 c3 55. Nf1 Rd3 56. Ke2 Kc4 57. Rc1 Rd7 58. Nh2 Rd2+ 0-1

[Event "LEM Sachsen-Anhalt Masters 2024"]
[Site "Merseburg"]
[Date "2024.02.08"]
[Round "1.4"]
[White "Groebel, Aaron"]
[Black "Schulz, Maximilian"]
[Result "1-0"]
[ECO "B06"]
[WhiteElo "2087"]
[BlackElo "1896"]
[Annotator "RC"]
[PlyCount "67"]
[EventDate "2024.02.01"]
[EventType "swiss"]
[EventCountry "GER"]
[SourceTitle "playchess.com"]
[Source "ChessBase"]
[SourceQuality "1"]
[TimeControl "40/5400+30:1800+30"]

1. e4 g6 2. d4 Bg7 3. Nc3 d6 4. f4 e6 5. Nf3 Ne7 6. Be3 a6 7. a4 Nd7 8. Bc4 c6 9. Bb3 d5 10. e5 Nf5 11. Bf2 h5 12. Ne2 b5 13. Ng3 Nh6 14. h3 Nb6 15. Nd2 Bd7 16. a5 Nc4 17. Bxc4 bxc4 18. b3 cxb3 19. Nxb3 Bf8 20. O-O c5 21. dxc5 Bb5 22. Re1 Qc7 23. Nf1 Bc4 24. Nfd2 Nf5 25. Qf3 Rc8 26. Ra4 Bb5 27. Rb4 d4 28. Ne4 Rb8 29. Nd6+ Bxd6 30. exd6 Qd8 31. Nxd4 Kd7 32. Rxb5 Nxd4 33. Rb7+ Ke8 34. Bxd4 1-0

[Event "LEM Sachsen-Anhalt Masters 2024"]
[Site "Merseburg"]
[Date "2024.02.08"]
[Round "1.5"]
[White "Noennig, Jakob"]
[Black "Lippert, Daniel"]
[Result "1/2-1/2"]
[ECO "B59"]
[WhiteElo "1789"]
[BlackElo "2034"]
[Annotator "NA RC"]
[PlyCount "91"]
[EventDate "2024.02.01"]
[EventType "swiss"]
[EventCountry "GER"]
[SourceTitle "playchess.com"]
[Source "ChessBase"]
[SourceQuality "1"]
[TimeControl "40/5400+30:1800+30"]

1. e4 c5 2. Nf3 Nc6 3. d4 cxd4 4. Nxd4 Nf6 5. Nc3 d6 6. Be2 e5 7. Nb3 Be6 8. Bg5 Be7 9. Bxf6 Bxf6 10. Nd5 Bg5 11. O-O O-O 12. f4 {[%emt 0:14:48] B59: Classical Sicilian: 6 Be2 e5 7 Nb3.} exf4 13. Nxf4 Qb6+ 14. Kh1 Qe3 15. Nxe6 fxe6 16. Qd3 Qxd3 17. cxd3 (17. Bxd3 $11 Rxf1+ 18. Rxf1) 17... Rxf1+ 18. Rxf1 Rf8 19. Bf3 Bf6 20. Bg4 Re8 21. Rf2 Nb4 22. d4 Nxa2 23. Rc2 Nb4 24. Rc7 ({Not} 24. Rc8 $2 Rxc8 25. Bxe6+ Kf8 26. Bxc8 b6 $19) 24... Nc6 25. Rxb7 Nxd4 26. Nxd4 Bxd4 27. b4 Kf8 28. Rd7 Rc8 29. g3 Rc1+ 30. Kg2 Rc2+ 31. Kh3 Bg1 32. Bxe6 h5 33. Kh4 Rxh2+ 34. Kg5 Be3+ 35. Kg6 h4 36. gxh4 Rxh4 37. Bd5 Rh6+ 38. Kf5 Rf6+ 39. Kg4 Rf4+ 40. Kh5 Rf6 41. b5 g5 42. Bc6 Kg8 43. Bd5+ Kf8 $11 44. Bc6 Re6 45. Bd5 Rf6 46. Bc6 1/2-1/2

[Event "LEM Sachsen-Anhalt Masters 2024"]
[Site "Merseburg"]
[Date "2024.02.08"]
[Round "1.6"]
[White "Herter, Arne"]
[Black "Wenzel, Thomas"]
[Result "1/2-1/2"]
[ECO "C70"]
[WhiteElo "2028"]
[BlackElo "1747"]
[Annotator "RC"]
[PlyCount "162"]
[EventDate "2024.02.01"]
[EventType "swiss"]
[EventCountry "GER"]
[SourceTitle "playchess.com"]
[Source "ChessBase"]
[SourceQuality "1"]
[TimeControl "40/5400+30:1800+30"]

1. e4 e5 2. Nf3 Nc6 3. Bb5 a6 4. Ba4 f5 5. Nc3 Nf6 6. exf5 d6 7. d4 b5 8. dxe5 dxe5 9. Qxd8+ Kxd8 10. Bb3 Bxf5 11. Bg5 h6 12. Bd5 Kd7 13. Nxe5+ Nxe5 14. Bxf6 Re8 15. O-O-O gxf6 16. f4 Ng6 17. Be4+ Ke6 18. Bd5+ Kd7 19. g4 Bd6 20. gxf5 Nxf4 21. Rhg1 Rh7 22. Rg4 Ne2+ 23. Nxe2 Rxe2 24. Bb7 Rxh2 25. Bxa6 Kc6 26. Bc8 h5 27. Rg6 h4 28. Rxf6 h3 29. Be6 Kc5 30. Rg6 Bf4+ 31. Kb1 Rd2 32. Rh1 Rg2 33. a3 Rf2 34. f6 Bd6 35. Rxh3 Rxh3 36. Bxh3 Be5 37. Rg5 Kd6 38. Bg4 Rxf6 39. Be2 c6 40. Bd3 Bf4 41. Rg7 Be5 42. Rb7 Rh6 43. Ka2 Rh2 44. Bf5 Rf2 45. Rd7+ Kc5 46. Be4 Rf4 47. Bd3 Rf6 48. Rb7 Rf4 49. b4+ Kd6 50. Bxb5 cxb5 51. Rb6+ Kd7 52. Rxb5 Bd6 53. Rd5 Kc6 54. Rd3 Bxb4 55. axb4 Rxb4 56. Rc3+ Kd6 57. Rb3 Rh4 58. Kb2 Kc5 59. Ka3 Rh1 60. Rb8 Ra1+ 61. Kb2 Rh1 62. Rg8 Rh2 63. Kb3 Rh3+ 64. c3 Rh5 65. Rc8+ Kb5 66. Rb8+ Kc5 67. Ra8 Rh3 68. Ra5+ Kb6 69. Rg5 Kc6 70. Kb4 Rh4+ 71. c4 Rh1 72. Rg6+ Kc7 73. Kb5 Rh7 74. c5 Kb7 75. Rb6+ Kc8 76. Ra6 Rb7+ 77. Kc4 Rh7 78. Ra1 Kb7 79. Kb5 Rh2 80. Rg1 Rb2+ 81. Kc4 Rc2+ 1/2-1/2

[Event "LEM Sachsen-Anhalt Masters 2024"]
[Site "Merseburg"]
[Date "2024.02.08"]
[Round "1.7"]
[White "Haubold, Sebastian"]
[Black "Schellmann, Frank"]
[Result "1/2-1/2"]
[ECO "C90"]
[WhiteElo "2055"]
[BlackElo "1923"]
[Annotator "NA RC"]
[PlyCount "153"]
[EventDate "2024.02.01"]
[EventType "swiss"]
[EventCountry "GER"]
[SourceTitle "playchess.com"]
[Source "ChessBase"]
[SourceQuality "1"]
[TimeControl "40/5400+30:1800+30"]

1. e4 e5 2. Nf3 Nc6 3. Bb5 a6 4. Ba4 Nf6 5. O-O Be7 6. Re1 b5 7. Bb3 d6 8. a4 Bg4 9. c3 O-O 10. d3 Na5 11. Bc2 c5 {[%emt 0:00:30] C90: Closed Ruy Lopez with 7...d6: Early deviations.} 12. h3 Bd7 13. Nbd2 Qc7 14. Nf1 $1 h6 15. Ne3 Rfe8 16. Nh4 Be6 (16... Bf8 $11) 17. Nef5 d5 (17... Bf8 $11 {remains equal.}) 18. Qf3 dxe4 (18... Kh8 $1 $14) 19. dxe4 (19. Qg3 $16 Bf8 20. Bxh6 (20. Nxh6+ Kh8 $15) 20... Bxf5 21. Nxf5) 19... Kh7 20. Nxe7 Qxe7 21. Nf5 Bxf5 $1 22. exf5 e4 23. Qf4 Nc4 24. f3 (24. axb5 $16 axb5 25. Rxa8 Rxa8 26. Rxe4 (26. Bxe4 Ra1 $17)) 24... e3 (24... b4 $1 $11 {remains equal.}) 25. b3 Qe5 26. Qxe5 Nxe5 27. Bxe3 ({Much less strong is} 27. Rxe3 $6 Nd5 $14) 27... Rac8 28. axb5 axb5 29. Bf4 Nc6 30. Rxe8 Rxe8 31. Ra6 Nd5 32. Rxc6 Nxf4 33. Be4 Ne2+ 34. Kf2 Nxc3 35. Rxc5 Nxe4+ 36. fxe4 Rxe4 37. Rxb5 g6 38. fxg6+ Kxg6 39. Kf3 Re1 40. b4 h5 (40... Rf1+ $16 {keeps fighting.} 41. Ke3 Rg1) 41. Rb6+ f6 42. Rb7 Rf1+ 43. Kg3 Rb1 44. Kh4 Rc1 45. Rb8 Rc4+ 46. Kg3 Kf5 47. b5 h4+ {[%emt 0:00:30] [#]} 48. Kh2 $1 Rb4 49. b6 Kg6 50. Kg1 Rb2 51. b7 Kg7 $2 (51... Kf5 $1 $14) 52. Kf1 Kh7 53. Ke1 Kg7 54. Kd1 Rb1+ 55. Kc2 Rb6 ({Better is} 55... Rb5) 56. Kc3 Rb1 57. Kd4 Rb4+ 58. Kd5 Rb1 59. Ke4 Rb4+ 60. Kf5 Rb2 61. Kf4 Rb4+ 62. Kf3 Rb2 $2 (62... Kh7 $16) 63. Kg4 Rxg2+ 64. Kxh4 Rb2 65. Kg4 Rb5 66. h4 f5+ 67. Kg5 f4+ 68. Kxf4 Rb4+ $18 69. Ke5 Rb5+ 70. Kd6 Rb1 71. h5 Rd1+ 72. Kc6 Rc1+ 73. Kd5 Rd1+ 74. Ke4 Rb1 75. h6+ Kh7 76. Kd3 Rb6 77. Ke4 1/2-1/2

[Event "LEM Sachsen-Anhalt Masters 2024"]
[Site "Merseburg"]
[Date "2024.02.08"]
[Round "2.1"]
[White "Reipsch, Jens"]
[Black "Groebel, Aaron"]
[Result "0-1"]
[ECO "C30"]
[WhiteElo "2225"]
[BlackElo "2087"]
[Annotator "RC"]
[PlyCount "52"]
[EventDate "2024.02.01"]
[EventType "swiss"]
[EventCountry "GER"]
[SourceTitle "playchess.com"]
[Source "ChessBase"]
[SourceQuality "1"]
[TimeControl "40/5400+30:1800+30"]

1. e4 e5 2. f4 Bc5 3. Nf3 d6 4. c3 Bg4 5. Be2 Nc6 6. b4 Bb6 7. b5 Bxf3 8. Bxf3 Na5 9. d3 Ne7 10. Qe2 c6 11. bxc6 bxc6 12. Be3 Ng6 13. f5 Nf4 14. Qd2 Bxe3 15. Qxe3 Qb6 16. Qd2 Rb8 17. Na3 Qc5 18. Nc2 Rb2 19. Bd1 O-O 20. g3 Nh3 21. f6 d5 22. Kf1 dxe4 23. dxe4 Nc4 24. Qe2 Rxc2 25. Bxc2 Ne3+ 26. Ke1 Qxc3+ 0-1

[Event "LEM Sachsen-Anhalt Masters 2024"]
[Site "Merseburg"]
[Date "2024.02.08"]
[Round "2.2"]
[White "Haubold, Christian"]
[Black "Malek, Daniel"]
[Result "1/2-1/2"]
[ECO "C03"]
[WhiteElo "1990"]
[BlackElo "2307"]
[Annotator "TA"]
[PlyCount "75"]
[EventDate "2024.02.01"]
[EventType "swiss"]
[EventCountry "GER"]
[SourceTitle "playchess.com"]
[Source "ChessBase"]
[SourceQuality "1"]
[TimeControl "40/5400+30:1800+30"]

1. e4 e6 2. d4 d5 3. Nd2 Be7 4. Bd3 c5 5. dxc5 Nf6 6. Qf3 O-O 7. e5 Nfd7 8. Qh3 {[%emt 0:03:17][%csl Gd3][%cal Rh3h7] [#] Black is slightly better.} f5 9. f4 Nxc5 10. Ne2 Qb6 11. c3 Bd7 (11... Bh4+ $5 12. Kd1 Bf2 $15) 12. Nd4 (12. Nb3 $11 {remains equal.}) 12... Nc6 $17 13. N2b3 {[%emt 0:03:54] [#]} a5 $1 14. Nxc6 (14. Nxc5 $17 Bxc5 15. Nb3) 14... bxc6 ({But not} 14... Bxc6 15. Nd4 $15) (14... Nxd3+ $19 15. Qxd3 bxc6 (15... Qxc6 16. Be3 $11)) 15. Nxc5 Bxc5 16. g4 Rf7 17. Ke2 Bc8 18. gxf5 exf5 19. Rb1 Ba6 (19... a4 $15) 20. Bd2 g6 21. Qg3 Bxd3+ 22. Qxd3 Rb7 23. h4 h5 24. Rh2 Kf7 25. Rg2 Qa6 (25... Rg8 {simplifies} 26. Be3 Bxe3 27. Qxe3 Qxe3+ 28. Kxe3 c5) 26. Be3 {[%emt 0:01:40] Dancing on a razor blade.} (26. Qxa6 {simplifies} Rxa6 27. Kd3 Ra8 28. c4) 26... Be7 {[%emt 0:05:59] The position is equal.} 27. Rh2 a4 (27... Qc4 {is more complex.} 28. b3 Qe4 29. Rd1 Rab8) 28. Qxa6 Rxa6 29. Kf3 Ra8 30. Rg1 {[%emt 0:00:22][%cal Oe5e6] e6+! is the strong threat.} Rab8 31. Rhg2 Rg8 32. Rh2 c5 33. Rd1 Ke6 34. Rhd2 Rd7 35. Rh1 c4 36. a3 Rb7 37. Rg2 Kf7 38. Bd4 {[%emt 0:00:18] Weighted Error Value: White=0.14 (very precise) /Black=0.15 (very precise) .  Mistake:       	White=2     	Black=2      Inaccurate:     	White=2     	Black=3      OK:         	White=9     	Black=11     Best:        	White=1     	---        Strong:       	---       	Black=1} 1/2-1/2

[Event "LEM Sachsen-Anhalt Masters 2024"]
[Site "Merseburg"]
[Date "2024.02.08"]
[Round "2.3"]
[White "Wenzel, Thomas"]
[Black "Haubold, Sebastian"]
[Result "1/2-1/2"]
[ECO "C20"]
[WhiteElo "1747"]
[BlackElo "2055"]
[Annotator "NA RC"]
[PlyCount "79"]
[EventDate "2024.02.01"]
[EventType "swiss"]
[EventCountry "GER"]
[SourceTitle "playchess.com"]
[Source "ChessBase"]
[SourceQuality "1"]
[TimeControl "40/5400+30:1800+30"]

1. e4 e5 2. Qh5 Nc6 3. Bc4 g6 4. Qf3 Nf6 5. Ne2 Bg7 6. Nbc3 Na5 7. d3 Nxc4 8. dxc4 d6 9. Bg5 h6 10. Bd2 Bg4 11. Qd3 Nd7 12. f3 Be6 13. Be3 h5 $11 ({Black should try} 13... Nc5 $15 14. Bxc5 dxc5) 14. O-O-O a6 15. Kb1 Qe7 16. Nd5 Bxd5 17. Qxd5 O-O-O 18. b3 f5 19. Nc3 f4 20. Bf2 Nf6 21. Qa5 g5 22. Nd5 Nxd5 23. cxd5 Qd7 24. c4 Bf8 25. b4 Kb8 26. Ka1 Qc8 27. c5 Ka8 28. Rb1 Be7 29. Rhc1 Rh7 30. a4 Bf8 31. Bg1 Rf7 32. cxd6 Rxd6 33. b5 Rh7 34. b6 c6 35. Bc5 Rf6 36. Qb4 Bxc5 37. Qxc5 Qe8 38. a5 Qe7 39. Qc4 Rh8 40. Qc5 1/2-1/2

[Event "LEM Sachsen-Anhalt Masters 2024"]
[Site "Merseburg"]
[Date "2024.02.08"]
[Round "2.4"]
[White "Lippert, Daniel"]
[Black "Herter, Arne"]
[Result "0-1"]
[ECO "C84"]
[WhiteElo "2034"]
[BlackElo "2028"]
[Annotator "NA RC"]
[PlyCount "66"]
[EventDate "2024.02.01"]
[EventType "swiss"]
[EventCountry "GER"]
[SourceTitle "playchess.com"]
[Source "ChessBase"]
[SourceQuality "1"]
[TimeControl "40/5400+30:1800+30"]

1. e4 e5 2. Nf3 Nc6 3. Bb5 a6 4. Ba4 Nf6 5. O-O Be7 6. d3 b5 7. Bb3 O-O 8. a4 b4 9. a5 d6 10. h3 Be6 11. c3 Rb8 12. Bxe6 fxe6 13. Nbd2 d5 14. Qe2 Nh5 15. g3 Bc5 16. d4 bxc3 17. bxc3 $17 (17. dxc5 $142 cxd2 18. Nxd2) 17... exd4 18. Qxa6 Qd7 19. cxd4 Nxd4 20. Ba3 Ra8 21. Qd3 dxe4 22. Qxe4 Nxg3 23. Ne5 Qe7 24. fxg3 Nf3+ 25. Kg2 Nxd2 26. Rxf8+ Rxf8 27. Qc2 Rf2+ 28. Kh1 Bxa3 29. Nd3 Qf6 30. Rxa3 Rf1+ 31. Kh2 Rh1+ 32. Kxh1 Qf1+ 33. Kh2 Nf3# 0-1

[Event "LEM Sachsen-Anhalt Masters 2024"]
[Site "Merseburg"]
[Date "2024.02.08"]
[Round "2.5"]
[White "Ahmed, Daniel"]
[Black "Noennig, Jakob"]
[Result "1-0"]
[ECO "D35"]
[WhiteElo "1994"]
[BlackElo "1789"]
[Annotator "RC"]
[PlyCount "115"]
[EventDate "2024.02.01"]
[EventType "swiss"]
[EventCountry "GER"]
[SourceTitle "playchess.com"]
[Source "ChessBase"]
[SourceQuality "1"]
[TimeControl "40/5400+30:1800+30"]

1. d4 d5 2. c4 e6 3. Nc3 Nf6 4. cxd5 exd5 5. Bg5 Be7 6. e3 O-O 7. Bd3 c6 8. Nf3 Nbd7 9. O-O Ne4 10. Bf4 Ndf6 11. Qc2 Nxc3 12. bxc3 h6 13. h3 Be6 14. a4 b6 15. Ne5 Qc8 16. c4 c5 17. dxc5 Qxc5 18. Rfc1 Rfd8 19. Qb1 dxc4 20. Bxc4 Bxc4 21. Rxc4 Qd5 22. Qb5 Bc5 23. Rac1 Rac8 24. Nf3 Ne4 25. Qa6 Ra8 26. Nd4 Nd6 27. Bxd6 Qxd6 28. Nb5 Qe7 29. a5 Kh7 30. Ra1 Rd7 31. axb6 Bxb6 32. Qa4 Rad8 33. Nc3 Qe5 34. Rc1 Rd2 35. Ne4 R2d3 36. g4 Qd5 37. Rc8 Rd7 38. Qb4 Rd1+ 39. Rxd1 Qxd1+ 40. Kg2 Qd5 41. Re8 f5 42. gxf5 Qxf5 43. Qb1 Rf7 44. h4 Qf3+ 45. Kg1 Qg4+ 46. Ng3+ g6 47. h5 Rg7 48. hxg6+ Qxg6 49. Qxg6+ Kxg6 50. Kg2 Kg5 51. Re5+ Kf6 52. f4 Bc7 53. Rc5 a5 54. Rc6+ Ke7 55. Rxc7+ Kf8 56. Rc8+ Kf7 57. Ra8 h5 58. Rxa5 1-0

[Event "LEM Sachsen-Anhalt Masters 2024"]
[Site "Merseburg"]
[Date "2024.02.08"]
[Round "2.6"]
[White "Schulz, Maximilian"]
[Black "Polzin, Gustav"]
[Result "0-1"]
[ECO "A34"]
[WhiteElo "1896"]
[BlackElo "1895"]
[Annotator "NA RC"]
[PlyCount "170"]
[EventDate "2024.02.01"]
[EventType "swiss"]
[EventCountry "GER"]
[SourceTitle "playchess.com"]
[Source "ChessBase"]
[SourceQuality "1"]
[TimeControl "40/5400+30:1800+30"]

1. c4 Nf6 2. Nc3 c5 3. g3 d5 4. cxd5 Nxd5 5. Bg2 Nc7 6. Nf3 Nc6 7. O-O e5 8. d3 Be7 9. a3 {[%emt 0:02:08] A34: Symmetrical English: 2 Nc3, lines with ...d5.} Be6 10. Bd2 O-O 11. Qc2 Rc8 12. Na4 b6 13. b4 Nd4 14. Nxd4 cxd4 15. Rfc1 Nd5 16. Qd1 h5 17. Rxc8 Qxc8 18. Rc1 Qd7 19. Nb2 h4 20. Nc4 f6 21. e4 dxe3 22. Nxe3 f5 $2 (22... Rd8 $15 {stays ahead.}) 23. Nc4 Bf6 24. Qe2 f4 25. Nxe5 Bxe5 26. Qxe5 f3 27. Bf1 Rf5 (27... Bh3 $1 $11) 28. Qe4 hxg3 29. hxg3 Nf6 30. Qc6 Rd5 31. Qxd7 Bxd7 32. Be3 Rh5 33. d4 Kf8 34. Rc7 a6 35. Rb7 Bb5 36. Bxb5 Rxb5 37. Bd2 Ne4 38. a4 Rh5 39. Be1 Ng5 40. Bc3 Nh3+ 41. Kf1 Nf4 42. Ke1 Nd3+ 43. Kd2 Nxf2 44. Ke3 Nd1+ 45. Kxf3 Nxc3 46. Rxb6 a5 47. bxa5 Rxa5 48. Rc6 Nxa4 49. Ke4 Rb5 50. Rc7 Rb3 51. g4 Rc3 52. Rb7 Rc8 53. Ke5 Re8+ 54. Kf5 Nc3 55. Rc7 Nd5 56. Rb7 Re7 57. Rb5 Nc7 58. Rb6 Rd7 59. Ke5 Ke7 60. Rg6 Kf7 61. Rc6 Ne8 62. g5 Nc7 63. Rc4 Kg6 64. Kf4 $2 (64. Rc2 $19) 64... Ne6+ 65. Ke5 Nxg5 66. d5 Nf7+ 67. Kd4 Kf6 68. Rc6+ Rd6 69. Rc7 Ne5 70. Ke4 Nd7 71. Rc8 g6 72. Rc7 g5 73. Rc8 Kf7 74. Rc7 Kg6 75. Rc8 Nf6+ 76. Kf3 Rxd5 77. Rf8 Rf5+ 78. Kg2 g4 79. Ra8 Kg5 80. Ra7 Kf4 81. Ra4+ Ne4 82. Rb4 Rd5 83. Ra4 g3 84. Rb4 Rd2+ 85. Kg1 Re2 0-1

[Event "LEM Sachsen-Anhalt Masters 2024"]
[Site "Merseburg"]
[Date "2024.02.08"]
[Round "2.7"]
[White "Schellmann, Frank"]
[Black "Daub, Sebastian"]
[Result "1/2-1/2"]
[ECO "B27"]
[WhiteElo "1923"]
[BlackElo "1967"]
[Annotator "NA RC"]
[PlyCount "61"]
[EventDate "2024.02.01"]
[EventType "swiss"]
[EventCountry "GER"]
[SourceTitle "playchess.com"]
[Source "ChessBase"]
[SourceQuality "1"]
[TimeControl "40/5400+30:1800+30"]

1. e4 c5 2. Nf3 g6 3. c3 Bg7 4. d4 cxd4 5. cxd4 d5 6. e5 Bg4 7. Bb5+ {[%emt 0:00:30] B27: Sicilian: 2 Nf3, unusual Black 2nd moves.} Nc6 8. Nbd2 e6 9. Bxc6+ bxc6 10. O-O Ne7 11. h3 Bxf3 12. Nxf3 Qb6 13. b3 c5 14. dxc5 Qxc5 15. Be3 Qc7 16. Qd2 O-O 17. Rac1 Qb7 18. Bh6 Rac8 19. Bxg7 Kxg7 20. Qf4 Ng8 21. Nd4 a6 22. Qd2 Rxc1 23. Rxc1 Rc8 24. f4 $11 Rxc1+ 25. Qxc1 Qb6 26. Qe3 Qc7 27. Kf2 Ne7 28. g4 Nc6 29. Nf3 Qa7 30. Qxa7 Nxa7 31. Nd4 1/2-1/2

[Event "LEM Sachsen-Anhalt Masters 2024"]
[Site "Merseburg"]
[Date "2024.02.09"]
[Round "3.1"]
[White "Groebel, Aaron"]
[Black "Haubold, Christian"]
[Result "1-0"]
[ECO "C54"]
[WhiteElo "2087"]
[BlackElo "1990"]
[Annotator "NA RC"]
[PlyCount "87"]
[EventDate "2024.02.01"]
[EventType "swiss"]
[EventCountry "GER"]
[SourceTitle "playchess.com"]
[Source "ChessBase"]
[SourceQuality "1"]
[TimeControl "40/5400+30:1800+30"]

1. e4 e5 2. Nf3 Nc6 3. Bc4 Nf6 4. d3 Bc5 5. Bg5 d6 6. c3 h6 7. Bh4 a6 8. a4 Ba7 9. Nbd2 Qe7 10. b4 g5 11. Bg3 $1 Rg8 12. Qb3 Nh5 13. b5 Na5 14. Qb4 (14. Qb1 $15) 14... Bc5 15. Qb1 $17 Nxc4 16. Nxc4 g4 17. Nfd2 Qf6 18. Rf1 b6 19. Nb3 Nf4 20. Bxf4 Qxf4 21. g3 Qg5 22. Nxc5 dxc5 23. a5 axb5 24. Qxb5+ Bd7 25. Qb2 Be6 26. Ne3 Ke7 27. Ke2 Qf6 28. f4 gxf3+ 29. Rxf3 Qg6 30. c4 f6 31. a6 Qh5 32. Qb5 Qxh2+ 33. Rf2 Qh5+ 34. Kd2 Qe8 35. Rh1 Rg6 36. Rfh2 Qxb5 37. cxb5 Rxg3 38. Rxh6 Rg7 39. Rh8 Ra7 40. Rb8 Kd6 41. Rh6 Ke7 42. Rhh8 c6 43. Rb7+ Kd6 44. Rxb6 1-0

[Event "LEM Sachsen-Anhalt Masters 2024"]
[Site "Merseburg"]
[Date "2024.02.09"]
[Round "3.2"]
[White "Herter, Arne"]
[Black "Ahmed, Daniel"]
[Result "0-1"]
[ECO "B01"]
[WhiteElo "2028"]
[BlackElo "1994"]
[Annotator "NA RC"]
[PlyCount "76"]
[EventDate "2024.02.01"]
[EventType "swiss"]
[EventCountry "GER"]
[SourceTitle "playchess.com"]
[Source "ChessBase"]
[SourceQuality "1"]
[TimeControl "40/5400+30:1800+30"]

1. e4 d5 2. exd5 Qxd5 3. Nc3 Qd8 4. d4 Nf6 5. Nf3 g6 6. Bc4 {[%emt 0:02:19] B01: Scandinavian Defence.} Bg7 7. O-O O-O 8. h3 a6 9. a4 b6 10. Re1 Nc6 11. Bg5 Bb7 12. Ba2 Qd7 (12... Qd6 $11 {was preferrable.}) 13. Qe2 (13. Qd2 $142) 13... Rae8 14. Rad1 Qc8 15. Qd2 Nb4 16. Ne5 Nxa2 17. Nxa2 Ne4 18. Rxe4 Bxe4 19. Nc3 Bb7 20. Bh6 Rd8 21. Bxg7 Kxg7 22. Ng4 $19 Rd6 23. Qh6+ Kg8 24. d5 Qf5 25. Qh4 Kg7 26. Qxe7 Rd7 27. Qe3 h5 28. Qh6+ Kg8 29. Ne3 Qe5 30. Nc4 Qg7 31. Qf4 Rfd8 32. Ne3 f5 33. Rd3 Rf8 34. Ne2 g5 35. Qf3 f4 36. Nc4 g4 37. hxg4 hxg4 38. Qe4 Re7 0-1